nht, chaotic female elven Wizard -------- ----- ........| |......).. .......-----.-----....---... .)....%.| |.......---- |-.. %..------ --------..---... ------- ...-- ........... |.....| |...| ..-------- |.....| ...-- ...| |.....| ---- |.. ...-- .).------ --- |..@..---...... --...- ..[-- ....%........... |.._...%...--...?....-- -...| .--............. |....'|.2.----.*!....%------.... -.......%.....-- |.&...|--322...---.......%...-- ----- -...-- |.....| ------- -.......--- ..%*-- |.(...| 2 3 --..| .....- ------- 323 ...... 2 .......- .<..--- 12 .... nht the Enchantress Experience level: 15 Strength: 18 Dexterity: 13 Constitution: 14 Intelligence: 13 Wisdom: 9 Charisma: 9 Health: 0(109) Energy: 45(173) Def: 1 Gold: 432 Moves: 2039 Dungeon seed: 4y88KhA_ZzeRetPB Game ID: nht_1431933620 Your Inventory: Coins $ - 432 gold pieces Amulets p - a blessed amulet of reflection (being worn) s - an uncursed amulet of life saving Weapons a - a blessed +1 quarterstaff (weapon in hands) x - a +0 dwarvish mattock Armor e - an uncursed +0 cloak of magic resistance r - a blessed +0 pair of jumping boots (being worn) y - an uncursed +0 cloak of invisibility C - an uncursed +0 set of blue dragon scales F - an uncursed +0 pair of leather gloves G - a cursed -3 pair of levitation boots Y - a cursed -1 pair of gauntlets of fumbling Z - an uncursed +0 robe Comestibles I - 8 uncursed K-rations Scrolls i - 2 uncursed scrolls of blank paper j - an uncursed scroll of blank paper k - a blessed scroll of identify q - an uncursed scroll of enchant armor t - a blessed scroll of amnesia v - a cursed scroll of identify w - 2 uncursed scrolls of identify A - an uncursed scroll of light E - an uncursed scroll of create monster Spellbooks D - a blessed spellbook of jumping J - an uncursed spellbook of confuse monster T - an uncursed spellbook of create monster Potions m - a blessed potion of extra healing o - a blessed potion of paralysis B - an uncursed potion of acid H - an uncursed potion of gain level R - 2 uncursed potions of paralysis S - 2 uncursed potions of extra healing U - an uncursed potion of sleeping V - an uncursed potion of gain energy W - an uncursed potion of blindness Rings c - an uncursed ring of stealth d - an uncursed ring of invisibility (on right hand) L - a blessed ring of polymorph control (on left hand) Wands b - a wand of speed monster (0:4) g - a wand of cancellation (0:2) h - a wand of light (0:13) l - a wand of death (0:6) u - a wand of enlightenment (0:10) K - a blessed wand of polymorph (0:0) M - a wand of lightning (0:3) N - a wand of digging (0:4) O - a wand of speed monster (0:5) P - a wand of magic missile (0:5) Q - a wand of striking (0:6) X - a wand of fire (0:6) Tools f - an uncursed wooden flute n - a magic marker (0:22) Spells known in the end: Name Level Category Fail Memory a - force bolt 1 attack 0% 90% b - magic missile 2 attack 0% 90% c - extra healing 3 healing 89% 90% d - detect monsters 1 divination 0% 91% e - healing 1 healing 0% 91% f - confuse monster 2 enchantment 0% 93% g - sleep 1 enchantment 0% 94% h - jumping 1 escape 0% 95% Your skills at the end: Fighting Skills Weapon Skills quarterstaff [Skilled] Spellcasting Skills attack spells [Basic] divination spells [Basic] enchantment spells [Basic] Final Attributes: You were devoutly aligned. You were sleep resistant. You were warned. You had infravision. You were invisible. You could jump. You had polymorph control. You were fast. You had reflection. You are dead. Vanquished creatures: a titan a gray dragon a black dragon 2 blue dragons a minotaur a jabberwock a demilich a guardian naga 3 vampire lords 2 liches an ice devil 4 vampires 5 ghosts 2 lieutenants a fire giant 2 air elementals an earth elemental a water elemental a black naga 3 xorns a giant zombie 4 sergeants 2 trolls a tiger an energy vortex a stone giant an elf mummy a human mummy 4 wraiths an ettin zombie 47 soldiers 3 vampire bats an ogre 4 rust monsters a giant eel 2 gnome mummies 2 human zombies a kobold mummy an elf zombie 2 ghouls a rothe 4 orc zombies 2 dwarf zombies a large kobold 2 gnome zombies a fox a kobold 128 creatures vanquished. Voluntary challenges: You used a wielded weapon 146 times, starting on turn 135. You read items or engraved 58 times, starting on turn 107. You never genocided any monsters. You never polymorphed an object. You changed form 2 times, starting on turn 1433. You used 4 wishes, starting on turn 1429. You wished for your your first artifact on turn 1872. You never split a pudding. You wrote Elbereth's name 32 times, starting on turn 407. You violated your moral code, losing 6 points of alignment, starting on turn 1013. You disabled loading bones files. Dungeon overview: The Dungeons of Doom: levels 1 to 25 Level 1 a fountain a long staircase Level 2 a general store, some fountains Level 3 Level 4 Level 5 Level 6 (unmapped>) a fountain Level 7 Level 8 an altar to Thoth Level 9 Level 10 a fountain Level 11 Level 12 Level 13 Level 14 Level 15 (quest) Level 16 Level 17 Level 18 Level 19 Level 20 Level 21 Level 22 Level 23 Level 24 Level 25 a fountain Gehennom: Level 26 <- You were here a temple to Moloch stairs to The Dungeons of Doom History has recorded: On T:1 you entered the Dungeons of Doom to retrieve the Amulet of Yendor! On T:106 you reached level 2 of The Dungeons of Doom. On T:131 you reached level 3 of The Dungeons of Doom. On T:447 you reached level 4 of The Dungeons of Doom. On T:465 you reached level 5 of The Dungeons of Doom. On T:482 you reached level 6 of The Dungeons of Doom. On T:506 you reached level 7 of The Dungeons of Doom. On T:527 you reached level 8 of The Dungeons of Doom. On T:560 you reached level 9 of The Dungeons of Doom. On T:584 you reached level 10 of The Dungeons of Doom. On T:604 you reached level 11 of The Dungeons of Doom. On T:621 you reached level 12 of The Dungeons of Doom. On T:637 you reached level 13 of The Dungeons of Doom. On T:654 you reached level 14 of The Dungeons of Doom. On T:671 you reached level 15 of The Dungeons of Doom. On T:691 you reached level 16 of The Dungeons of Doom. On T:707 you reached level 17 of The Dungeons of Doom. On T:720 you reached level 18 of The Dungeons of Doom. On T:736 you reached level 19 of The Dungeons of Doom. On T:751 you reached level 20 of The Dungeons of Doom. On T:754 you reached level 21 of The Dungeons of Doom. On T:779 you reached level 22 of The Dungeons of Doom. On T:796 you reached level 23 of The Dungeons of Doom. On T:811 you reached level 24 of The Dungeons of Doom. On T:828 you reached The Castle. On T:863 you advanced to experience level 2. On T:867 you advanced to experience level 3. On T:870 you advanced to experience level 4. On T:872 you advanced to experience level 5. On T:885 you advanced to experience level 6. On T:888 you advanced to experience level 7. On T:985 you advanced to experience level 8. On T:1016 you advanced to experience level 9. On T:1393 you advanced to experience level 10. On T:1429 you wished for "blessed wand of polymorph". On T:1430 you wished for "blessed ring of polymorph control". On T:1523 you advanced to experience level 11. On T:1573 you wished for "blessed amulet of reflection". On T:1636 you reached The Valley of the Dead. On T:1872 you wished for "blessed fixed the master key of thievery". On T:1998 you advanced to experience level 12. Score breakdown: Gold: 432 ( 8968 points) Experience: 15 levels (20844 points) Exploration: 26 levels ( 54.17%) (21879 points) Discoveries: 19 items ( 6.86%) ( 7857 points) Valuables value: (no points given unless you survive) Artifact value: 0 ( 0 points) Variety of kills: 47 monsters ( 12.40%) (10564 points) Time penalty: 2039 turns ( -29 points) Survival: died (score multiplied by 80%) Total score: 56066 Latest messages: C - an uncursed set of blue dragon scales. I - 8 uncursed K-rations. A - an uncursed scroll labeled DUAM XNAHT. k - a blessed scroll labeled ELBIB YLOH. v - a cursed scroll labeled ELBIB YLOH. E - an uncursed scroll labeled PRATYAVAYAH. T - an uncursed mottled spellbook. V - an uncursed brown potion. H - an uncursed effervescent potion. B - an uncursed fizzy potion. W - an uncursed potion of blindness. R - 2 uncursed potions of paralysis. U - an uncursed puce potion. m - a blessed yellow potion. S - 2 uncursed yellow potions. g - an uncursed platinum wand. l - an uncursed wand of death. N - an uncursed wand of digging. X - an uncursed wand of fire. h - an uncursed wand of light. M - an uncursed wand of lightning. P - an uncursed wand of magic missile. K - a blessed wand of polymorph. O - an uncursed wand of speed monster. You are blasted by the Master Key of Thievery's power! You die... Final status: Goodbye nht the Wizard, killed by touching The Master Key of Thievery... You died in Gehennom on dungeon level 26 with 56066 points, and 432 pieces of gold, after 2039 moves. You were level 15 with a maximum of 109 hit points when you died.